 Dungeon Crawl Stone Soup version 0.26-a0-20-g5f92b90fa0 (webtiles) character file.

Game seed: 14037943365971736036, levelgen mode: deterministic

1113 MisterFreud the Ducker (level 8, 0/54 HPs)
             Began as an Octopode Gladiator on May 25, 2020.
             Slain by a hippogriff (7 damage)
             ... on level 6 of the Dungeon.
             The game lasted 00:05:26 (5899 turns).

MisterFreud the Ducker (Octopode Gladiator)         Turns: 5899, Time: 00:05:26

Health: 0/54       AC:  1    Str: 13    XL:     8   Next: 33%
Magic:  8/8        EV: 18    Int: 12    God:
Gold:   370        SH:  0    Dex: 14    Spells: 7/7 levels left

rFire    + . .     SeeInvis +   a - +0 long sword
rCold    . . .     Gourm    .   (no shield)
rNeg     . . .     Faith    .   b - +0 hat
rPois    .         Spirit   .   g - amulet of the acrobat
rElec    .         Reflect  .   l - ring of protection from fire
rCorr    .         Harm     .   m - ring of see invisible
MR       .....                  (no ring)
Stlth    ++........             (no ring)
HPRegen  0.18/turn              (no ring)
MPRegen  0.11/turn              (no ring)
                                (no ring)
                                (no ring)

@: no status effects
A: almost no armour, stealthy swim, amphibious, 8 rings, constrict 8, camouflage
1, gelatinous body 1
a: no special abilities


You were on level 6 of the Dungeon.
You were not hungry.

You visited 2 branches of the dungeon, and saw 7 of its levels.

You collected 370 gold pieces.

Inventory:

Hand Weapons
 a - a +0 long sword (weapon)
Missiles
 c - 3 throwing nets (quivered)
 y - 7 poisoned darts
Armour
 b - a +0 hat (worn)
Jewellery
 g - an amulet of the acrobat (around mantle)
 l - a ring of protection from fire (left tentacle)
 m - a ring of see invisible (right tentacle)
 w - an uncursed ring of ice
Wands
 A - a wand of flame (14)
Scrolls
 f - 3 scrolls of teleportation {unknown}
 p - a scroll of magic mapping {unknown}
 q - 3 scrolls of fear {unknown}
 r - a scroll of immolation
 s - a scroll of fog {unknown}
 t - a scroll of noise {unknown}
 u - 4 scrolls of remove curse {unknown}
 v - a scroll of blinking {unknown}
 z - a scroll of identify
Potions
 e - 2 potions of cancellation
 i - a potion of ambrosia {unknown}
 j - a potion of haste {unknown}
 k - 2 potions of might
 o - a potion of magic {unknown}
 x - a potion of brilliance {unknown}
Comestibles
 d - 10 rations


   Skills:
 - Level 4.0 Fighting
 - Level 6.0 Long Blades
 - Level 2.0 Throwing
 + Level 7.9 Dodging


You had 7 spell levels left.
You didn't know any spells.
Your spell library contained the following spells:

 Spells                   Type           Power        Failure   Level  Hunger
 Animate Skeleton         Necr           N/A          32%         1    ##.....
 Apportation              Tloc           #.....       32%         1    ##.....
 Corona                   Hex            #......      32%         1    ##.....
 Summon Small Mammal      Summ           #...         32%         1    ##.....


Dungeon Overview and Level Annotations

Branches:
Dungeon (6/15)             Temple (1/1) D:5

Altars:
Dithmenos
Elyvilon
Nemelex Xobeh
Okawaru
Qazlal
Ru
Sif Muna
Trog
Uskayaw
Vehumet
Wu Jian
Xom
Yredelemnul
Zin
The Shining One

Annotations:
D:4 1 runed translucent door, PIKKUHERKKO's ghost, amateur HOMo
D:6 3 runed translucent doors, kae's ghost, novice HOFi


Innate Abilities, Weirdness & Mutations

You cannot wear most types of armour.
You are very stealthy in the water. (Stealth+)
You are amphibious.
You can wear up to eight rings at the same time.
You can use your tentacles to constrict eight enemies at once.
Your skin changes colour to match your surroundings (Stealth+).
Your rubbery body absorbs attacks. (AC +1, EV +1)


Message History

The hippogriff barely misses you. The hippogriff pecks you.
The hippogriff misses you.
You barely miss the hippogriff.
The hippogriff is heavily wounded.
The hippogriff misses you.
You riposte.
You slash the hippogriff!
The hippogriff is severely wounded.
The hippogriff pecks you. The hippogriff claws you. The hippogriff bites you.
The hippogriff misses you. The hippogriff claws you!
* * * LOW HITPOINT WARNING * * *
You slash the hippogriff!
The hippogriff is almost dead.
The hippogriff bites you.
* * * LOW HITPOINT WARNING * * *
The hippogriff pecks you.
* * * LOW HITPOINT WARNING * * *
The hippogriff barely misses you.
You barely miss the hippogriff.
The hippogriff is almost dead.
The hippogriff bites you!
You die...

#########
##.H.....#
#?@# ##.#
#.####
##.#.## .
#.#.#.## .
######.#
###.#.#.##..#
#..........#
#)##########


You could see a hippogriff.

Vanquished Creatures
  Grinder (D:4)
  An ogre (D:6)
  A phantom (D:6)
  A centaur (D:6)
  A bullfrog (D:6)
  A scorpion (D:4)
  A crimson imp (D:6)
  A bullfrog skeleton (D:2)
  A jelly (D:6)
  2 orc priests (D:6)
  2 orc wizards (D:6)
  7 worker ants
  A hound skeleton (D:4)
  8 adders
  2 shadow imps
  2 oozes
  A dart slug (D:1)
  4 leopard geckos
  6 orcs
  4 ball pythons
  4 bats
  4 giant cockroaches
  6 goblins
  5 hobgoblins
  2 jackals (D:2)
  2 quokkas
  6 frilled lizards
  9 kobolds
  2 leopard gecko skeletons
  A quokka skeleton (D:5)
  10 rats
99 creatures vanquished.

Vanquished Creatures (others)
  An orc wizard (D:6)
1 creature vanquished.

Grand Total: 100 creatures vanquished

Notes
Turn   | Place    | Note
-------+----------+-------------------------------------------
     0 | D:1      | MisterFreud the Octopode Gladiator began the quest for the
                  | Orb.
     0 | D:1      | Reached XP level 1. HP: 14/14 MP: 1/1
   437 | D:1      | Reached XP level 2. HP: 20/20 MP: 2/2
  1267 | D:2      | Reached XP level 3. HP: 26/26 MP: 3/3
  1469 | D:2      | Reached XP level 4. HP: 33/33 MP: 4/4
  1491 | D:2      | Found a faded altar of an unknown god.
  2207 | D:3      | Reached XP level 5. HP: 33/37 MP: 5/5
  3064 | D:4      | Found a runed translucent door.
  3065 | D:4      | Noticed PIKKUHERKKO's ghost (amateur HOMo)
  3086 | D:4      | Reached skill level 5 in Long Blades
  3392 | D:4      | Reached XP level 6. HP: 23/43 MP: 6/6
  3804 | D:4      | Noticed Grinder
  3812 | D:4      | Paralysed by Grinder for 4 turns
  3819 | D:4      | Killed Grinder
  3819 | D:4      | Reached skill level 4 in Dodging
  3819 | D:4      | Reached XP level 7. HP: 18/48 MP: 7/7
  4052 | D:4      | Found a radiant altar of Vehumet.
  4378 | D:5      | Entered Level 5 of the Dungeon
  4616 | D:5      | Reached skill level 5 in Dodging
  4651 | D:5      | Found a staircase to the Ecumenical Temple.
  4809 | Temple   | Entered the Ecumenical Temple
  5299 | D:6      | Reached skill level 6 in Dodging
  5352 | D:6      | Found a runed translucent gate.
  5352 | D:6      | Found a runed translucent gate.
  5353 | D:6      | Found a runed translucent gate.
  5353 | D:6      | Noticed kae's ghost (novice HOFi)
  5441 | D:6      | Reached skill level 7 in Dodging
  5441 | D:6      | Reached XP level 8. HP: 48/54 MP: 8/8
  5573 | D:6      | HP: 1/54 [orc priest/nerve-wracking pain (14)]
  5887 | D:6      | Noticed a hippogriff
  5899 | D:6      | Slain by a hippogriff

Illustrated notes

Levels and vault maps discovered:
D:1:      shiori_arrival_elements, layout_basic, minmay_split_cup_large
D:2:      layout_rooms, first_ration, chequers_ecumenical_altar_simple_redux
D:3:      layout_rooms, gup_sewer_entry_bowl, minmay_unequal
D:4:      minmay_angry_zag, layout_loops_ring, kennysheep_mini_moat,
          ebering_ghost_inner_flame, uniq_grinder
D:5:      layout_rooms, minmay_temple_entry_wispy
D:6:      layout_basic, grunt_temple_overflow_growth_and_decay,
          gammafunk_ghost_split, minmay_small_thing
Temple:   eino_narrow_crystal_temple

Skill      XL: |  1  2  3  4  5  6  7 |
---------------+----------------------+-----
Fighting       | 3 4 |  4.0
Long Blades    | 4 5 6 |  6.0
Dodging        | 4 7 |  7.9
Throwing       | |  2.0

Action                   |  1- 3 |  4- 6 |  7- 9 || total
-------------------------+-------+-------+-------++-------
Melee: Long sword        |    33 |   107 |    87 ||   227
       Constrict         |    12 |    33 |    15 ||    60
       Tentacles         |     6 |    30 |    26 ||    62
  Use: Scroll            |       |     3 |     1 ||     4
       Potion            |       |     2 |     3 ||     5
 Stab: Sleeping          |     3 |    12 |     4 ||    19
  Eat: Chunk             |     2 |     5 |     5 ||    12
       Ration            |       |     1 |       ||     1
Armor: Skin              |     2 |     8 |     1 ||    11
Dodge: Dodged            |    24 |    84 |    83 ||   191
       Rpst.: Long sword |     9 |    22 |    21 ||    52

Table legend:
 A = Non-vault XP
 B = Vault XP
 C = Vault XP percentage of total XP
 D = Non-vault monster count
 E = Vault monster count
 F = Vault count percentage of total count
                 A         B        C        D         E       F
            +---------+---------+-------+---------+---------+-------
      Total |    1258 |     333 |  20.9 |      86 |      14 |  14.0
            +---------+---------+-------+---------+---------+-------
        D:1 |      19 |       9 |  32.1 |       9 |       4 |  30.8
        D:2 |      73 |       0 |   0.0 |      20 |       0 |   0.0
        D:3 |      96 |      37 |  27.8 |      20 |       8 |  28.6
        D:4 |     230 |     254 |  52.5 |      12 |       1 |   7.7
        D:5 |      66 |       0 |   0.0 |       7 |       0 |   0.0
        D:6 |     774 |      33 |   4.1 |      18 |       1 |   5.3
            +---------+---------+-------+---------+---------+-------
